 Dungeon Sprint DCSS version 0.29.1-15-g9cfb28693d (webtiles) character file.

Game seed: 6675598602340819912

1033 Groucho the Fighter (level 8, -1/75 HPs)
             Began as a Minotaur Fighter on Mar 18, 2023.
             Was a Believer of Cheibriados.
             Slain by a deep elf pyromancer
             ... wielding a +0 long sword
              (5 damage)
             ... in the Dungeon (Sprint IX: "|||||||||||||||||||||||||||||").
             The game lasted 00:01:16 (1088 turns).

Groucho the Fighter (Minotaur Fighter)              Turns: 1088, Time: 00:01:17

Health: -1/75      AC: 10    Str: 27    XL:     8   Next: 3%
Magic:  8/12       EV: 16    Int: 10    God:    Cheibriados [**....]
Gold:   0          SH:  7    Dex: 19    Spells: 7/7 levels left

rFire   . . .      SeeInvis .   p - +1 broad axe (vorpal)
rCold   . . .      Faith    .   c - +0 buckler
rNeg    . . .      Spirit   .   n - +1 scale mail
rPois   .          Reflect  .   (helmet restricted)
rElec   .          Harm     .   m - +0 cloak
rCorr   .          Rampage  .   (no gloves)
Will    .....      NoTele   +   (no boots)
Stlth   ..........              (no amulet)
HPRegen 0.22/turn               b - +3 ring of dexterity
MPRegen 0.13/turn               o - +2 ring of evasion

@: very slow
A: horns 2, retaliatory headbutt
a: Renounce Religion, Bend Time


You were in the Dungeon.
You worshipped Cheibriados.
Cheibriados was pleased with you.
You visited 1 branch

Inventory:

Hand Weapons
 p - a +1 vorpal broad axe (weapon)
 q - a +2 vorpal morningstar
Armour
 c - a +0 buckler (worn)
 m - a +0 cloak (worn)
 n - a +1 scale mail (worn)
Jewellery
 b - a +3 ring of dexterity (left hand)
 o - a +2 ring of evasion (right hand)
Wands
 l - a wand of iceblast (10)
Scrolls
 j - 2 scrolls of blinking
 k - 2 scrolls of amnesia
Potions
 d - a potion of might
 e - 5 potions of curing
 f - 3 potions of heal wounds
 g - a potion of haste
 h - 4 potions of magic


   Skills:
 + Level 8.7 Fighting
 + Level 8.2 Axes
 + Level 8.6 Armour
 + Level 6.9 Dodging
 + Level 8.6 Shields
 + Level 6.9 Unarmed Combat
 * Level 7.6 Invocations


You had 7 spell levels left.
You didn't know any spells.
Your spell library was empty.

Dungeon Overview and Level Annotations

Branches:
Dungeon (1/1)

Altars:
Cheibriados
Dithmenos
Elyvilon
Fedhas
Gozag
Hepliaklqana
Kikubaaqudgha
Makhleb
Nemelex Xobeh
Okawaru
Qazlal
Ru
Sif Muna
Trog
Uskayaw
Vehumet
Wu Jian
Xom
Yredelemnul
Zin
The Shining One
Jiyva
Lugonu


Innate Abilities, Weirdness & Mutations

You have a pair of horns on your head.
You reflexively headbutt those who attack you in melee.


Message History

You barely miss the deep elf pyromancer.
The deep elf pyromancer mumbles some strange words.
The deep elf pyromancer blinks!
Unknown command.
You lop one of the seven-headed hydra's heads off!
The six-headed hydra grows two more!
You slice the eight-headed hydra!!
The eight-headed hydra is moderately wounded.
You hit the deep elf pyromancer.
The culicivora changes into a raiju!
The deep elf pyromancer barely misses you.
The eight-headed hydra bites you.
You block the eight-headed hydra's attack.
The eight-headed hydra bites you!
The eight-headed hydra barely misses you.
The eight-headed hydra bites you.
* * * LOW HITPOINT WARNING * * *
The eight-headed hydra bites you but does no damage. x2
You block the eight-headed hydra's attack.
The deep elf pyromancer completely misses you.
You furiously retaliate!
You headbutt the deep elf pyromancer!
Unknown command.
You slash the deep elf pyromancer!
Your headbutt misses the deep elf pyromancer.
The deep elf pyromancer is severely wounded.
You lop one of the eight-headed hydra's heads off!
The seven-headed hydra grows two more!
You slash the nine-headed hydra! The nine-headed hydra misses you. x2
The nine-headed hydra completely misses you.
The nine-headed hydra closely misses you.
The nine-headed hydra bites you!
* * * LOW HITPOINT WARNING * * *
The nine-headed hydra bites you.
* * * LOW HITPOINT WARNING * * *
The nine-headed hydra misses you. The nine-headed hydra bites you!
* * * LOW HITPOINT WARNING * * *
The nine-headed hydra bites you but does no damage.
The vampire mumbles some strange words.
The vampire flickers and vanishes!
Deactivating autopickup; reactivate with Ctrl-A.
The deep elf pyromancer hits you with a +0 long sword.
You die...

▓.▓
▓'▓
▓†▓
▓)▓
▓)▓
▓.▓
▓.▓
▓e▓
▓@▓
▓D▓
▓h▓
▓{▓
▓.▓
▓.▓
▓.▓
▓+▓


You could see a nine-headed hydra, a deep elf pyromancer and a raiju shaped
shifter.

Vanquished Creatures
  A slime creature (D)
  3 yaks (D)
  A vampire mosquito (D)
  A centaur (D)
  A kobold brigand (D)
  A necrophage (D)
  An iguana (D)
  An adder (D)
  A worm (D)
  A dart slug (D)
  A goblin (D)
  A hobgoblin (D)
  A ball python (D)
  A bat (D)
  A frilled lizard (D)
17 creatures vanquished.

Vanquished Creatures (others)
  A yak (D)
1 creature vanquished.

Grand Total: 18 creatures vanquished

Notes
Turn   | Place    | Note
-------+----------+-------------------------------------------
     0 | D        | Groucho the Minotaur Fighter began the quest for the Orb.
     0 | D        | Reached XP level 1. HP: 19/19 MP: 0/0
    15 | D        | Reached skill level 1 in Dodging
    16 | D        | Reached skill level 1 in Unarmed Combat
   230 | D        | Noticed an iguana
   230 | D        | Noticed a necrophage
   237 | D        | Reached XP level 2. HP: 21/27 MP: 1/1
   245 | D        | Reached skill level 5 in Fighting
   245 | D        | Reached XP level 3. HP: 18/36 MP: 2/2
   248 | D        | Killed a necrophage
   249 | D        | Reached skill level 5 in Axes
   249 | D        | Reached skill level 5 in Armour
   249 | D        | Reached skill level 5 in Shields
   249 | D        | Reached XP level 4. HP: 18/44 MP: 3/3
   663 | D        | Found a snail-covered altar of Cheibriados.
   663 | D        | Found a shadowy altar of Dithmenos.
   663 | D        | Found a white marble altar of Elyvilon.
   663 | D        | Found a blossoming altar of Fedhas.
   663 | D        | Found an opulent altar of Gozag.
   664 | D        | Found a hazy altar of Hepliaklqana.
   665 | D        | Found a viscous altar of Jiyva.
   666 | D        | Found an ancient bone altar of Kikubaaqudgha.
   667 | D        | Became a worshipper of Cheibriados the Contemplative
   668 | D        | Found a corrupted altar of Lugonu.
   669 | D        | Found a burning altar of Makhleb.
   670 | D        | Found a sparkling altar of Nemelex Xobeh.
   671 | D        | Found an iron altar of Okawaru.
   672 | D        | Found a stormy altar of Qazlal.
   673 | D        | Found a sacrificial altar of Ru.
   674 | D        | Found a shimmering blue altar of Sif Muna.
   675 | D        | Found a bloodstained altar of Trog.
   676 | D        | Found a hide-covered altar of Uskayaw.
   677 | D        | Found a radiant altar of Vehumet.
   678 | D        | Found an ornate altar of the Wu Jian Council.
   679 | D        | Found a shimmering altar of Xom.
   680 | D        | Found a basalt altar of Yredelemnul.
   681 | D        | Found a glowing silver altar of Zin.
   682 | D        | Found a glowing golden altar of the Shining One.
  1044 | D        | Noticed a yak
  1044 | D        | Noticed a yak
  1044 | D        | Noticed a centaur
  1044 | D        | Noticed a yak
  1044 | D        | Noticed a yak
  1044 | D        | Noticed a kobold brigand
  1053 | D        | Killed a yak
  1054 | D        | Reached XP level 5. HP: 43/51 MP: 3/6
  1058 | D        | Killed a yak
  1059 | D        | Reached skill level 5 in Dodging
  1059 | D        | Reached skill level 5 in Unarmed Combat
  1059 | D        | Reached XP level 6. HP: 49/60 MP: 3/8
  1061 | D        | Reached skill level 5 in Invocations
  1064 | D        | Killed a yak
  1064 | D        | Reached * piety under Cheibriados
  1065 | D        | Reached XP level 7. HP: 45/67 MP: 4/10
  1066 | D        | Killed a yak
  1074 | D        | Noticed a slime creature
  1074 | D        | Noticed a vampire mosquito
  1074 | D        | Noticed a deep elf pyromancer
  1074 | D        | Noticed a seven-headed hydra
  1074 | D        | Noticed a culicivora
  1074 | D        | Noticed a vampire
  1080 | D        | Killed a vampire mosquito
  1080 | D        | Reached ** piety under Cheibriados
  1085 | D        | Killed a slime creature
  1086 | D        | Reached XP level 8. HP: 38/75 MP: 7/12
  1087 | D        | Noticed a raiju
  1087 | D        | a culicivora changed into a raiju
  1088 | D        | Slain by a deep elf pyromancer

Illustrated notes

Levels and vault maps discovered:
D:        linesprint [early_d, line_temple, items_1, d_10, items_2, lair_1,
          lair_end, items_3, orc_1, orc_end, items_4, d_15, swamp_1, shoals_1,
          snake_1, spider_1, d_20, vaults_1, items_5, swamp_end, shoals_end,
          snake_end, spider_end, vaults_end, d_27, items_6, zot_1, zot_end,
          crypt_end, forest_end, elf_end, slime_end, tomb_end, abyss_end,
          pan_hell_end]

Skill      XL: |  1  2  3  4  5  6  7 |
---------------+----------------------+-----
Armour         | 4 5 6 7 8 |  8.6
Dodging        | 1 2 3 4 5 6 |  6.9
Fighting       | 4 5 6 7 8 |  8.7
Unarmed Combat | 1 2 3 4 5 6 |  6.9
Axes           | 3 4 5 6 7 8 |  8.2
Shields        | 4 5 6 7 8 |  8.6
Invocations    | 3 4 6 7 |  7.6

Action                   |  1- 3 |  4- 6 |  7- 9 || total
-------------------------+-------+-------+-------++-------
Melee: War axe           |    24 |       |       ||    24
       Headbutt          |     5 |     3 |     4 ||    12
       Broad axe         |       |    17 |    18 ||    35
  Use: Potion            |     1 |     1 |       ||     2
 Stab: Invisible         |       |     2 |     6 ||     8
Armor: Scale mail        |     8 |     4 |     7 ||    19
Dodge: Dodged            |    16 |     6 |    18 ||    40
Block: Buckler           |     2 |     2 |     3 ||     7
